[Event "Titled Tuesday Blitz December 27 Early 2022"]
[White "Herman, Daniel"]
[Black "Buscar, Michael"]
[WhiteFideId "30935008"]
[BlackFideId "2603616"]
[WhiteElo "1956"]
[BlackElo "2041"]
[Result "1-0"]
[Round "10"]
[TimeControl "180+2"]
[Date "2022.12.27"]
[WhiteClock "0:00:18"]
[BlackClock "0:00:40"]

1. c4 Nf6 2. Nc3 e6 3. e4 c5 4. Nf3 a6 5. d4 cxd4 6. Nxd4 Qc7 7. Bd3 Bd6 8. g3 Nc6 9. Nxc6 bxc6 10. Be3 e5 11. c5 Be7 12. O-O O-O 13. f4 exf4 14. gxf4 d6 15. cxd6 Bxd6 16. e5 Bxe5 17. fxe5 Qxe5 18. Qf3 Rb8 19. Bf4 Qd4+ 20. Qf2 Qxd3 21. Bxb8 Bh3 22. Rfd1 Qg6+ 23. Bg3 Ng4 24. Qd4 h5 25. Qe4 Qf6 26. Rd6 Qg5 27. Rxc6 h4 28. Bf4 Qa5 29. Qf3 Qb4 30. Qxh3 Qxf4 31. Rf1 Qg5 32. Qg2 Qh5 33. Qd5 Qh7 34. Ne4 Ne3 35. Qxf7+ Rxf7 36. Rc8+ Rf8 37. Rcxf8# 1-0


[Site "https://www.chess.com"]

[Event "Titled Tuesday Blitz December 27 Early 2022"]
[White "Hnydiuk, Aleksander"]
[Black "Tarnowska, Aleksandra"]
[WhiteFideId "1109057"]
[BlackFideId "1180967"]
[WhiteElo "2363"]
[BlackElo "1835"]
[Result "1-0"]
[Round "10"]
[TimeControl "180+2"]
[Date "2022.12.27"]
[WhiteClock "0:00:27"]
[BlackClock "0:00:01"]

1. e4 c5 2. Nf3 e6 3. d4 cxd4 4. Nxd4 a6 5. Nc3 Qc7 6. Bd3 Nc6 7. Be3 Nf6 8. O-O Be7 9. f4 d6 10. Qf3 O-O 11. Rae1 Rb8 12. a4 Nb4 13. e5 dxe5 14. fxe5 Qxe5 15. Bf2 Qh5 16. Qg3 Nxd3 17. Qxb8 Nxe1 18. Rxe1 Ng4 19. Ne4 Bd7 20. Qc7 Bh4 21. Bxh4 Qxh4 22. Nf3 Qh5 23. Qxd7 f5 24. Qxe6+ Kh8 25. Nd6 h6 26. h3 Nf6 27. Qxf5 Qxf5 28. Nxf5 1-0


[Site "https://www.chess.com"]

[Event "Titled Tuesday Blitz December 27 Early 2022"]
[White "Iljin, Timofey"]
[Black "Jimenez, Joaquin"]
[WhiteFideId "14110180"]
[BlackFideId "109860"]
[WhiteElo "2329"]
[BlackElo "2195"]
[Result "1-0"]
[Round "10"]
[TimeControl "180+2"]
[Date "2022.12.27"]
[WhiteClock "0:00:23"]
[BlackClock "0:00:55"]

1. e4 e6 2. d4 d5 3. Nd2 Nf6 4. Bd3 Nc6 5. c3 e5 6. Ngf3 exd4 7. cxd4 dxe4 8. Nxe4 Nxe4 9. Bxe4 Bb4+ 10. Bd2 Bxd2+ 11. Qxd2 O-O 12. O-O Bg4 13. Rad1 Bxf3 14. Bxf3 Qd6 15. Qc3 Rad8 16. Bxc6 Qxc6 17. Qxc6 bxc6 18. f3 Rd6 19. Kf2 Rfd8 20. Ke3 c5 21. d5 Rxd5 22. Rxd5 Rxd5 23. Rc1 f6 24. Rc2 Kf7 25. Rc3 Ke6 26. Ra3 Re5+ 27. Kd2 Rd5+ 28. Kc3 Re5 29. Rxa7 Kd6 30. Ra6+ Kd7 31. Ra4 Re2 32. Rg4 g6 33. Rh4 h5 34. g4 hxg4 35. Rxg4 g5 36. f4 Re4 37. Kd3 Rb4 38. b3 gxf4 39. h4 Ke6 40. h5 Kf5 41. Rg7 Rd4+ 42. Ke2 Re4+ 43. Kf2 Rd4 44. h6 Rd2+ 45. Kg1 Rd1+ 46. Kh2 Rd2+ 47. Rg2 Rd8 48. h7 Rh8 49. Rg7 Ke4 50. a4 Ke3 51. a5 f3 52. Kg3 f2 53. Re7+ Kd3 54. Kxf2 Kc3 55. a6 Kxb3 56. Rxc7 c4 57. a7 c3 58. Rb7+ Kc2 59. Rb8 Rxh7 60. a8=Q Rh2+ 61. Kg3 Rd2 62. Qa2+ Kd1 63. Qb1+ Ke2 64. Re8# 1-0


[Site "https://www.chess.com"]

[Event "Titled Tuesday Blitz December 27 Early 2022"]
[White "Jenkins, Drake"]
[Black "Omariev, Maksim"]
[WhiteFideId "2022397"]
[BlackFideId "4193423"]
[WhiteElo "2130"]
[BlackElo "2304"]
[Result "1/2-1/2"]
[Round "10"]
[TimeControl "180+2"]
[Date "2022.12.27"]
[WhiteClock "0:00:03"]
[BlackClock "0:00:02"]

1. Nf3 d5 2. c4 c6 3. g3 Nf6 4. Bg2 Bf5 5. O-O e6 6. d3 h6 7. Nbd2 Be7 8. b4 O-O 9. b5 Bh7 10. bxc6 Nxc6 11. Rb1 b6 12. Qa4 Rc8 13. Ba3 Bxa3 14. Qxa3 a5 15. Rfc1 Nb4 16. Qb3 dxc4 17. Nxc4 b5 18. Nce5 Rxc1+ 19. Rxc1 Qd5 20. Qxd5 Nfxd5 21. a3 Na2 22. Ra1 Ndc3 23. Kf1 b4 24. axb4 axb4 25. Nc4 b3 26. Nfd2 Rb8 27. Nb2 e5 28. Ke1 Bf5 29. Ndc4 f6 30. Kd2 Be6 31. f4 e4 32. Bxe4 Nxe4+ 33. dxe4 Rd8+ 34. Ke3 Nb4 35. Ra7 Nc2+ 36. Kf2 Rc8 37. Ra4 g5 38. e3 Kg7 39. h4 gxh4 40. gxh4 Kg6 41. e5 fxe5 42. Nxe5+ Kh5 43. Nec4 Kxh4 44. f5 Bxc4 45. Nxc4 Kg5 46. e4 Kf4 47. Nb2 h5 48. f6 Ke5 49. Ra5+ Kxe4 50. Rxh5 Rf8 51. Rb5 Rxf6+ 52. Kg3 Nd4 53. Rb4 Rg6+ 54. Kh3 Kf3 55. Kh4 Ke3 56. Kh5 Rc6 57. Nc4+ Kd3 58. Na5 Kc3 59. Rxd4 Rc5+ 60. Kg6 Kxd4 61. Nxb3+ Kc4 62. Nxc5 1/2-1/2


[Site "https://www.chess.com"]

[Event "Titled Tuesday Blitz December 27 Early 2022"]
[White "Jiganchine, Roman"]
[Black "Petrovic, Aleksa"]
[WhiteFideId "2603667"]
[BlackFideId "967629"]
[WhiteElo "2205"]
[BlackElo "2332"]
[Result "0-1"]
[Round "10"]
[TimeControl "180+2"]
[Date "2022.12.27"]
[WhiteClock "0:00:17"]
[BlackClock "0:00:17"]

1. e4 c6 2. d4 d5 3. exd5 cxd5 4. Nf3 Nc6 5. Bd3 Bg4 6. c3 Nf6 7. Qb3 Qc7 8. Na3 a6 9. Ne5 Nxe5 10. dxe5 Qxe5+ 11. Be3 Qc7 12. c4 e6 13. O-O Bd6 14. cxd5 Nxd5 15. Rac1 Qd7 16. Nc4 O-O 17. Nxd6 Nxe3 18. fxe3 Qxd6 19. Be4 Rab8 20. h3 Be2 21. Rf2 Bb5 22. a4 Bc6 23. Rd1 Qe5 24. Bxc6 bxc6 25. Qc3 Qxc3 26. bxc3 Rb3 27. Rd7 Rxc3 28. Ra7 Rxe3 29. Rxa6 Ra3 30. Rc2 Rd8 31. Rd2 Re8 32. Rc2 h5 33. Rcxc6 Rd8 34. Ra7 Rd1+ 35. Kh2 h4 36. Rcc7 Raa1 37. g4 Rd2# 0-1


[Site "https://www.chess.com"]

[Event "Titled Tuesday Blitz December 27 Early 2022"]
[White "Jimenez Almeida, Luis David"]
[Black "Yaran, Siar"]
[WhiteFideId "22242244"]
[BlackFideId "6323006"]
[WhiteElo "2242"]
[BlackElo "2288"]
[Result "1-0"]
[Round "10"]
[TimeControl "180+2"]
[Date "2022.12.27"]
[WhiteClock "0:00:12"]
[BlackClock "0:00:03"]

1. e4 e5 2. Nf3 Nc6 3. Bb5 a6 4. Ba4 Nf6 5. O-O Be7 6. Re1 b5 7. Bb3 O-O 8. c3 d5 9. exd5 e4 10. Ng5 Bg4 11. f3 exf3 12. gxf3 Nxd5 13. Nxh7 Bf5 14. Nxf8 Bd3 15. Bc2 Bc5+ 16. Kh1 Nf4 17. Re4 Nh3 18. Kg2 Nf2 19. Qe1 Nxe4 20. Bxd3 Qg5+ 21. Kf1 Qg1+ 22. Ke2 Qg2+ 23. Kd1 Nf2+ 24. Kc2 Nxd3 25. Kxd3 Rxf8 26. Qe4 Rd8+ 27. Kc2 Rd6 28. b4 Bb6 29. a4 Re6 30. Qd3 Ne5 31. Qd8+ Kh7 32. axb5 Qg6+ 33. Kb2 Nd3+ 34. Kc2 Ne1+ 35. Kb3 Qc2+ 36. Kc4 axb5+ 37. Kxb5 Qxc1 38. Qh4+ Kg6 39. Qg4+ Kf6 40. Qh4+ g5 41. Qh6+ Ke7 42. Qxg5+ Kd7 43. Ra8 1-0


[Site "https://www.chess.com"]

[Event "Titled Tuesday Blitz December 27 Early 2022"]
[White "Jobava, Baadur"]
[Black "Zubritskiy, Artyom"]
[WhiteFideId "13601520"]
[BlackFideId "4181247"]
[WhiteElo "2578"]
[BlackElo "2442"]
[Result "1-0"]
[Round "10"]
[TimeControl "180+2"]
[Date "2022.12.27"]
[WhiteClock "0:02:01"]
[BlackClock "0:00:03"]

1. b3 e5 2. Bb2 Nc6 3. Nf3 d6 4. d4 e4 5. d5 exf3 6. dxc6 fxe2 7. Qxe2+ Qe7 8. cxb7 Bxb7 9. Nc3 Qxe2+ 10. Bxe2 Bxg2 11. Rg1 Bc6 12. Nb5 Kd7 13. Bxg7 Bxg7 14. Rxg7 Nh6 15. Nd4 Rag8 16. Rg3 Be4 17. Kd2 c5 18. Nf3 Nf5 19. Rgg1 Rg6 20. Bd3 Bxd3 21. Kxd3 Rhg8 22. c4 Rg2 23. Ke4 Ke6 24. Rae1 R8g4+ 25. Kd3+ Kf6 26. h3 Rxg1 27. Rxg1 Rf4 28. Nd2 Rd4+ 29. Ke2 Rh4 30. Rh1 Nd4+ 31. Ke3 Nf5+ 32. Kf3 Nd4+ 33. Kg2 Ke7 34. Re1+ Kd7 35. Re4 Rh6 36. Rg4 Rg6 37. Kg3 Ne2+ 38. Kf3 Nc1 39. a3 Nd3 40. Rxg6 fxg6 41. Ke3 Ne5 42. f4 Nf7 43. Ke4 Ke6 44. b4 Nd8 45. b5 Nb7 46. Nb3 h6 47. a4 g5 48. f5+ Kf6 49. a5 h5 50. a6 Nd8 51. Na5 g4 52. hxg4 hxg4 53. b6 1-0


[Site "https://www.chess.com"]

[Event "Titled Tuesday Blitz December 27 Early 2022"]
[White "Kabanov, Nikolai"]
[Black "Ilkhomi, Jaloliddin"]
[WhiteFideId "4127820"]
[BlackFideId "14700948"]
[WhiteElo "2429"]
[BlackElo "1997"]
[Result "1-0"]
[Round "10"]
[TimeControl "180+2"]
[Date "2022.12.27"]
[WhiteClock "0:00:35"]
[BlackClock "0:00:05"]

1. e4 e6 2. Nf3 d5 3. exd5 exd5 4. d4 Bd6 5. Bd3 Ne7 6. O-O O-O 7. Bg5 f6 8. Bh4 Nbc6 9. c3 Bf5 10. Bb5 a6 11. Ba4 Qd7 12. Nbd2 Rae8 13. Re1 Ng6 14. Bg3 Bxg3 15. hxg3 Rxe1+ 16. Nxe1 Re8 17. Nf1 b5 18. Bb3 Na5 19. Ne3 Be6 20. Nd3 Nb7 21. Nb4 a5 22. Nd3 a4 23. Bc2 Ne7 24. b3 axb3 25. axb3 Nf5 26. Nf1 Nfd6 27. f3 Bf5 28. Ra7 Qc6 29. Qa1 Bxd3 30. Bxd3 b4 31. cxb4 Qb6 32. Ra4 Nb5 33. Ra6 Qxd4+ 34. Qxd4 Nxd4 35. Ra7 Rb8 36. Ba6 Nd6 37. Rxc7 Rxb4 38. Ne3 N6f5 39. Nxd5 Rxb3 40. g4 Rb1+ 41. Kh2 Ne3 42. Nxe3 Re1 43. Bc4+ Kf8 44. Nf5 Nxf5 45. gxf5 Rc1 46. Rc8+ Ke7 47. Be6 Rd1 48. Rc7+ Kf8 49. Rf7+ Ke8 50. Rxg7 h5 51. Kg3 Rd4 52. Rh7 Kf8 53. Rxh5 Kg7 54. Rh4 Rd2 55. Rg4+ Kh6 56. Rg8 Kh7 57. Kf4 Rd4+ 58. Ke3 Ra4 59. Rg6 Kh8 60. g4 Kh7 61. Rxf6 Kg7 62. Rg6+ Kh7 63. g5 Ra3+ 64. Kf4 Ra4+ 65. Kg3 Ra3 66. Rh6+ Kg7 67. f6+ Kf8 68. Rh8# 1-0


[Site "https://www.chess.com"]

[Event "Titled Tuesday Blitz December 27 Early 2022"]
[White "Kahlert, Thomas"]
[Black "Ciuffoletti, Paolo"]
[WhiteFideId "4625242"]
[BlackFideId "807630"]
[WhiteElo "2144"]
[BlackElo "2106"]
[Result "1-0"]
[Round "10"]
[TimeControl "180+2"]
[Date "2022.12.27"]
[WhiteClock "0:01:25"]
[BlackClock "0:00:02"]

1. c4 g6 2. Nc3 Bg7 3. Nf3 e5 4. d4 exd4 5. Nxd4 Ne7 6. g3 Nbc6 7. Nxc6 bxc6 8. Bg2 O-O 9. O-O Nf5 10. Qd2 Bb7 11. b3 d5 12. cxd5 cxd5 13. Bb2 d4 14. Bxb7 dxc3 15. Qxd8 Raxd8 16. Ba3 c2 17. Rac1 Nd4 18. Bf3 Nxf3+ 19. exf3 Rfe8 20. Rxc2 Be5 21. Kg2 Rd5 22. Rfc1 Red8 23. Bc5 a5 24. Be3 Ra8 25. Rc5 Rxc5 26. Rxc5 Bd6 27. Rc4 Kf8 28. f4 Ke7 29. Kf3 Kd7 30. Ke4 Ra6 31. Kd3 Kc8 32. h4 Kb7 33. Bc5 Rc6 34. Bxd6 Rxd6+ 35. Rd4 Re6 36. Rd7 Rd6+ 37. Rxd6 cxd6 38. Kd4 Kc6 39. a3 f5 40. b4 axb4 41. axb4 Kb5 42. Kd5 Kxb4 43. Kxd6 Kc3 44. Ke6 Kd3 45. h5 Ke2 46. h6 Kxf2 47. Kf6 Kxg3 48. Kg7 Kxf4 49. Kxh7 g5 50. Kg7 g4 51. h7 g3 52. h8=Q g2 53. Qh2+ Kf3 54. Kg6 Kf2 55. Qf4+ Ke1 56. Qg3+ Kf1 57. Qf3+ Kg1 58. Kxf5 Kh2 59. Qh5+ Kg3 60. Qg4+ Kh2 61. Qh4+ Kg1 62. Kf4 Kf1 63. Kf3 g1=Q 64. Qc4+ 1-0


[Site "https://www.chess.com"]

[Event "Titled Tuesday Blitz December 27 Early 2022"]
[White "Khoroshev, Nikita"]
[Black "Erzhanov, Arman"]
[WhiteFideId "14200287"]
[BlackFideId "4138821"]
[WhiteElo "2336"]
[BlackElo "2228"]
[Result "1-0"]
[Round "10"]
[TimeControl "180+2"]
[Date "2022.12.27"]
[WhiteClock "0:02:28"]
[BlackClock "0:01:52"]

1. d4 d6 2. Nf3 g6 3. c4 Bg7 4. Nc3 e5 5. dxe5 dxe5 6. Qxd8+ Kxd8 7. Bd2 c6 8. O-O-O Kc7 9. h4 h6 10. g3 Ne7 11. h5 g5 12. Ne1 Be6 13. b3 f5 14. Nc2 e4 15. e3 Nd7 16. Nd4 Bf7 17. g4 fxg4 18. Nxe4 Ne5 19. Bb4 Nc8 20. Nf5 Rg8 21. Nxg7 Rxg7 22. Bc3 1-0


[Site "https://www.chess.com"]

[Event "Titled Tuesday Blitz December 27 Early 2022"]
[White "Kilic, Eray"]
[Black "Alex_Sahakyan2006"]
[WhiteFideId "44517173"]
[WhiteElo "2414"]
[BlackElo "2629"]
[Result "0-1"]
[Round "10"]
[TimeControl "180+2"]
[Date "2022.12.27"]
[WhiteClock "0:00:06"]
[BlackClock "0:00:13"]

1. e4 d5 2. exd5 Qxd5 3. Nc3 Qd8 4. Nf3 Nf6 5. d4 Bf5 6. Bd3 Bxd3 7. Qxd3 c6 8. O-O e6 9. Re1 Be7 10. Bg5 O-O 11. Bxf6 Bxf6 12. Ne4 Be7 13. c4 Nd7 14. Rad1 Nf6 15. Ng3 Qa5 16. a3 Rfd8 17. Qb3 Qc7 18. h3 Bf8 19. Qc2 c5 20. dxc5 Bxc5 21. Ne4 Nxe4 22. Qxe4 Qb6 23. Qe2 a5 24. Ng5 h6 25. Ne4 Bd4 26. Rb1 Qb3 27. Nd2 Qc2 28. Nf3 Qxe2 29. Rxe2 Bf6 30. b4 a4 31. Re3 Rd7 32. c5 Rad8 33. Kf1 Rd1+ 34. Rxd1 Rxd1+ 35. Ke2 Ra1 36. Nd2 Ra2 37. Rd3 Bg5 38. b5 Rb2 39. c6 bxc6 40. bxc6 Rc2 41. h4 Bxh4 42. Rd4 Be7 43. Rc4 Rxc4 44. Nxc4 Bd8 45. Kd3 Kf8 46. Kc3 h5 47. Kb4 g5 48. Kc5 Bc7 49. Kb5 h4 50. Ne3 f5 51. Ka6 Ke7 52. Kb7 Kd8 53. f3 Bf4 54. Nf1 g4 55. fxg4 fxg4 56. Ne3 h3 57. gxh3 gxh3 58. Ng4 h2 59. Nf2 Bd6 60. Nh1 e5 61. Kb6 e4 62. Kb5 e3 0-1


[Site "https://www.chess.com"]

[Event "Titled Tuesday Blitz December 27 Early 2022"]
[White "Kvaloy, Aksel Bu"]
[Black "Bringas Gomez, Artai"]
[WhiteFideId "1528815"]
[BlackFideId "24534064"]
[WhiteElo "2321"]
[BlackElo "2206"]
[Result "1-0"]
[Round "10"]
[TimeControl "180+2"]
[Date "2022.12.27"]
[WhiteClock "0:01:07"]
[BlackClock "0:00:03"]

1. d4 d5 2. c4 c6 3. Nf3 e6 4. g3 Nf6 5. Bg2 Bd6 6. O-O O-O 7. Qc2 Nbd7 8. Nc3 dxc4 9. Nd2 Nb6 10. Nce4 Be7 11. e3 Qc7 12. Nxc4 Nxc4 13. Qxc4 Nd5 14. b3 e5 15. Bb2 Be6 16. Qc2 Nb4 17. Qe2 exd4 18. Bxd4 c5 19. Bb2 c4 20. Rac1 Rac8 21. bxc4 Bxc4 22. Qg4 f6 23. Rfd1 h5 24. Qxh5 Rfd8 25. Rxd8+ Rxd8 26. Nxf6+ Bxf6 27. Bxf6 Nd3 28. Rc3 Rf8 29. Bxg7 Qxg7 30. Rxc4 Qa1+ 31. Bf1 Ne5 32. Qg5+ Kf7 33. Rf4+ Ke8 34. Re4 Kd7 35. Qxe5 Rxf2 36. Qd5+ Kc7 37. Rc4+ Kb6 38. Qc5+ Ka6 39. Ra4# 1-0


[Site "https://www.chess.com"]

[Event "Titled Tuesday Blitz December 27 Early 2022"]
[White "Legenia, Artem"]
[Black "Gerbelli Neto, Eduardo"]
[WhiteFideId "14136945"]
[BlackFideId "2103281"]
[WhiteElo "2092"]
[BlackElo "2114"]
[Result "1-0"]
[Round "10"]
[TimeControl "180+2"]
[Date "2022.12.27"]
[WhiteClock "0:01:53"]
[BlackClock "0:00:02"]

1. d4 d5 2. Nf3 Nf6 3. Bf4 Bf5 4. e3 e6 5. Bd3 Bg6 6. Ne5 Nbd7 7. Nxg6 hxg6 8. c3 Bd6 9. O-O e5 10. dxe5 Nxe5 11. Be2 Qe7 12. Nd2 O-O-O 13. h3 Ne4 14. Nxe4 dxe4 15. Qa4 g5 16. Bg3 Nc6 17. Bxd6 Rxd6 18. Bg4+ Kb8 19. Rad1 Rhd8 20. Rxd6 Rxd6 21. Rd1 Rxd1+ 22. Qxd1 g6 23. Qd5 a6 24. Be2 Ka7 25. Bc4 f6 26. b4 Qe5 27. Qxe5 Nxe5 28. Bd5 f5 29. Kf1 c6 30. Bb3 g4 31. hxg4 Nxg4 32. Ke2 Kb6 33. f3 exf3+ 34. gxf3 Ne5 35. f4 Ng4 36. Bf7 c5 37. a4 cxb4 38. cxb4 a5 39. bxa5+ Kxa5 40. Bxg6 Nh6 41. Be8 b6 42. Kd3 Ng4 43. Bd7 Nf2+ 44. Kd4 Ne4 45. Bxf5 Nd6 46. Bd7 1-0


[Site "https://www.chess.com"]

[Event "Titled Tuesday Blitz December 27 Early 2022"]
[White "Lehtosaari, Mauri"]
[Black "Fernandez Garcia, Gumersindo"]
[WhiteFideId "501999"]
[BlackFideId "24516740"]
[WhiteElo "2176"]
[BlackElo "2160"]
[Result "1-0"]
[Round "10"]
[TimeControl "180+2"]
[Date "2022.12.27"]
[WhiteClock "0:00:08"]
[BlackClock "0:00:03"]

1. d4 Nf6 2. Nf3 e6 3. Bg5 b6 4. Nbd2 Bb7 5. e3 Be7 6. Bd3 h6 7. Bh4 O-O 8. O-O c5 9. c3 d5 10. a4 Nbd7 11. Ne5 Ne4 12. Bxe7 Qxe7 13. f4 f5 14. Ng6 Qd6 15. Nxf8 Rxf8 16. Nf3 cxd4 17. cxd4 g5 18. fxg5 hxg5 19. Bxe4 dxe4 20. Nxg5 Nf6 21. Qe1 Qe7 22. Qg3 Nh5 23. Qh4 Nf6 24. Qh6 Re8 25. h3 Qg7 26. Qxg7+ Kxg7 27. h4 Ng4 28. Rac1 Bd5 29. Rc7+ Kg6 30. Re1 Rh8 31. g3 a5 32. Kf1 Rb8 33. Ke2 b5 34. Rec1 bxa4 35. R1c2 Bb3 36. R2c6 Bd5 37. Rc2 Bb3 38. Rd2 Rb6 39. Nh3 Rb4 40. Nf4+ Kf6 41. Rc6 Bc4+ 42. Ke1 Nxe3 43. d5 a3 44. bxa3 Rb1+ 45. Kf2 Rf1+ 46. Kxe3 Rf3+ 47. Kd4 Bxd5 48. Nxd5+ Kg6 49. Rxe6+ Kh5 50. Ne3 Rxg3 51. Rf6 Rf3 52. Rxf5+ 1-0


[Site "https://www.chess.com"]

[Event "Titled Tuesday Blitz December 27 Early 2022"]
[White "Liyanage, Ranindu Dilshan"]
[Black "Derjabin, Ilja"]
[WhiteFideId "9915834"]
[BlackFideId "14104768"]
[WhiteElo "2342"]
[BlackElo "2333"]
[Result "1-0"]
[Round "10"]
[TimeControl "180+2"]
[Date "2022.12.27"]
[WhiteClock "0:00:23"]
[BlackClock "0:00:07"]

1. e4 e6 2. d4 d5 3. Nc3 Nf6 4. exd5 exd5 5. Bd3 Bb4 6. Ne2 h6 7. O-O O-O 8. h3 Re8 9. Ng3 Nc6 10. Nce2 Ne4 11. c3 Bd6 12. Qc2 f5 13. Nf4 Bxf4 14. Bxf4 g5 15. Bc1 Qd6 16. Nh5 Qg6 17. Ng3 Ne7 18. Bd2 c6 19. Rae1 Bd7 20. Bc1 Rf8 21. Ne2 Rae8 22. f3 Rf7 23. g4 Nd6 24. Ng3 Kf8 25. b3 Nec8 26. Ba3 Kg8 27. c4 dxc4 28. bxc4 Rxe1 29. Rxe1 1-0


[Site "https://www.chess.com"]

[Event "Titled Tuesday Blitz December 27 Early 2022"]
[White "Ljukin, Sergei"]
[Black "Iskusnyh, Sergei"]
[WhiteFideId "14102200"]
[BlackFideId "4120027"]
[WhiteElo "2362"]
[BlackElo "2440"]
[Result "0-1"]
[Round "10"]
[TimeControl "180+2"]
[Date "2022.12.27"]
[WhiteClock "0:01:23"]
[BlackClock "0:02:50"]

1. e4 e6 2. d4 d5 3. Nc3 Nf6 4. Bg5 dxe4 5. Nxe4 Nbd7 6. Nf3 h6 7. Nxf6+ Nxf6 8. Be3 Bd6 9. Qd2 Nd5 10. c4 Bb4 0-1


[Site "https://www.chess.com"]

[Event "Titled Tuesday Blitz December 27 Early 2022"]
[White "Lorenzo De La Riva, Lazaro"]
[Black "Viskelis, Darius"]
[WhiteFideId "2268809"]
[BlackFideId "12800830"]
[WhiteElo "2404"]
[BlackElo "2166"]
[Result "1-0"]
[Round "10"]
[TimeControl "180+2"]
[Date "2022.12.27"]
[WhiteClock "0:01:47"]
[BlackClock "0:01:09"]

1. b3 g6 2. Bb2 Nf6 3. Bxf6 exf6 4. c4 Bg7 5. Nc3 O-O 6. e3 b6 7. Nf3 Bb7 8. Be2 d6 9. O-O Nd7 10. Rc1 f5 11. d4 Nf6 12. Nd2 Re8 13. Bf3 Ne4 14. Ndxe4 fxe4 15. Be2 c5 16. d5 a6 17. Qc2 Qe7 18. Rfe1 h5 19. g3 h4 20. Bf1 Bc8 21. Bg2 Bf5 22. a4 Rab8 23. Ne2 g5 24. h3 Bg6 25. gxh4 gxh4 26. Nf4 Bf5 27. Kh1 Kh7 28. Rg1 Rg8 29. Qe2 Bh6 30. Qh5 Rg7 31. Qxf5+ 1-0


[Site "https://www.chess.com"]

[Event "Titled Tuesday Blitz December 27 Early 2022"]
[White "Magallanes, Rey Jomar"]
[Black "Levitan, Caleb Levi"]
[WhiteFideId "5205948"]
[BlackFideId "14332620"]
[WhiteElo "2052"]
[BlackElo "2129"]
[Result "0-1"]
[Round "10"]
[TimeControl "180+2"]
[Date "2022.12.27"]
[WhiteClock "0:00:56"]
[BlackClock "0:00:23"]

1. e4 c5 2. Nf3 e6 3. d4 cxd4 4. Nxd4 a6 5. Bd3 Bc5 6. Nb3 Ba7 7. Qe2 Nc6 8. Be3 b5 9. O-O d6 10. N1d2 Bb7 11. Qg4 Qf6 12. Bg5 Qg6 13. Qg3 h6 14. Bf4 Qxg3 15. Bxg3 e5 16. c4 Nb4 17. Bb1 Nf6 18. a3 Nc6 19. Kh1 Nd4 20. Nxd4 Bxd4 21. cxb5 axb5 22. Bd3 Bxb2 23. Bxb5+ Ke7 24. Rab1 Bxa3 25. Bd3 Rhb8 26. Nc4 Bc5 27. f4 Bxe4 28. Rbd1 Bxd3 29. Rxd3 e4 30. Rdd1 d5 31. Ne5 Ra6 32. Rc1 Bd6 33. Nc6+ Rxc6 34. Rxc6 d4 35. Rxd6 Kxd6 36. f5+ Kd5 37. Bxb8 e3 38. Bf4 Ke4 39. g3 e2 40. Re1 Kf3 41. Kg1 d3 42. Ra1 Ne4 43. Re1 d2 44. Bxd2 Nxd2 45. g4 Ke3 46. Kg2 Nf3 47. Rxe2+ Kxe2 48. Kg3 Ke3 49. h4 f6 50. h5 Ne5 51. Kh4 Kf3 52. Kh3 Nxg4 53. Kh4 Kf4 54. Kh3 Kxf5 55. Kh4 Kf4 56. Kh3 Kg5 57. Kg3 Kxh5 58. Kf4 g5+ 59. Kf5 Ne3+ 60. Kxf6 g4 61. Ke5 g3 62. Kf4 g2 63. Kxe3 g1=Q+ 64. Kf4 Kg6 65. Ke5 h5 66. Ke4 h4 67. Kd5 h3 68. Kc6 h2 69. Kd7 h1=Q 70. Ke7 Qhg2 71. Kf8 Q1f1+ 72. Kg8 Qge2 73. Kh8 Qfd1 74. Kg8 Qd8# 0-1


[Site "https://www.chess.com"]

[Event "Titled Tuesday Blitz December 27 Early 2022"]
[White "Marjanovic, Annamaria"]
[Black "Osinovsky, Stepan"]
[WhiteFideId "750930"]
[BlackFideId "4157354"]
[WhiteElo "2273"]
[BlackElo "2241"]
[Result "1-0"]
[Round "10"]
[TimeControl "180+2"]
[Date "2022.12.27"]
[WhiteClock "0:00:25"]
[BlackClock "0:00:01"]

1. c4 Nf6 2. g3 g6 3. Bg2 Bg7 4. Nc3 O-O 5. d3 d6 6. Rb1 e5 7. b4 a5 8. a3 axb4 9. axb4 Nc6 10. Nf3 Nd4 11. Nxd4 exd4 12. Nd5 c6 13. Nxf6+ Qxf6 14. O-O Re8 15. e3 dxe3 16. fxe3 Qe7 17. Bd2 Ra2 18. Rf2 Bf5 19. Qb3 Rxd2 20. Rxd2 Qxe3+ 21. Rf2 Bd4 22. Rf1 Bxd3 23. c5 Qxf2+ 24. Rxf2 Re1+ 25. Bf1 Rxf1+ 26. Kg2 Rxf2+ 27. Kh3 h5 28. Qxd3 dxc5 29. bxc5 Bxc5 30. Qd8+ Bf8 31. Qb6 c5 32. Qxb7 Re2 33. Qb5 Rd2 34. Qc4 Rd4 35. Qc3 Re4 36. Qd3 Rd4 37. Qc3 Rd8 38. Qf6 Rd2 39. Qc3 Ra2 40. Qb3 Ra8 41. Qd5 Rc8 42. Qd7 Rb8 43. Qd3 Rb6 44. Qc4 Re6 45. Kg2 Be7 46. Kf3 Rf6+ 47. Kg2 Rd6 48. Qe4 Kf8 49. Qa8+ 1-0


[Site "https://www.chess.com"]

[Event "Titled Tuesday Blitz December 27 Early 2022"]
[White "Martinez Alcantara, Jose Eduardo"]
[Black "Tactrics"]
[WhiteFideId "3805662"]
[WhiteElo "2619"]
[BlackElo "2976"]
[Result "1-0"]
[Round "10"]
[TimeControl "180+2"]
[Date "2022.12.27"]
[WhiteClock "0:00:24"]
[BlackClock "0:00:03"]

1. e4 e6 2. d4 d5 3. exd5 exd5 4. Nf3 Bd6 5. Bd3 Ne7 6. Nc3 a6 7. O-O Nbc6 8. Re1 O-O 9. h3 Nb4 10. Ne5 Nxd3 11. cxd3 Bf5 12. Qf3 c6 13. Bf4 Re8 14. Bg3 f6 15. Ng4 Bg6 16. Bh4 Rf8 17. Ne3 Qd7 18. Bg3 Rae8 19. Rad1 Bxg3 20. Qxg3 Nf5 21. Nxf5 Bxf5 22. Na4 Rxe1+ 23. Rxe1 Re8 24. Rxe8+ Qxe8 25. Nc5 Qc8 26. Qd6 b6 27. Na4 Bxd3 28. Nxb6 Qe8 29. Kh2 h6 30. Nd7 Bf5 31. Nc5 a5 32. Qf4 Bg6 33. Qd2 Kh7 34. Kg1 Qd8 35. Nb7 Qb6 36. Nxa5 c5 37. dxc5 Qxc5 38. b4 Qb5 39. Nb3 Be4 40. Nd4 Qa4 41. b5 Qa3 42. b6 Qa6 43. Qb2 Qb7 44. Qb3 Qc8 45. b7 Qb8 46. Nc6 Qg3 47. Qxg3 1-0


[Site "https://www.chess.com"]

[Event "Titled Tuesday Blitz December 27 Early 2022"]
[White "Matinian, Nikita"]
[Black "Janaszak, Dawid"]
[WhiteFideId "24129100"]
[BlackFideId "1119206"]
[WhiteElo "2407"]
[BlackElo "2316"]
[Result "1-0"]
[Round "10"]
[TimeControl "180+2"]
[Date "2022.12.27"]
[WhiteClock "0:01:01"]
[BlackClock "0:00:05"]

1. e4 c5 2. Nc3 e6 3. d4 cxd4 4. Qxd4 Nc6 5. Qe3 Nf6 6. Bd2 b6 7. O-O-O Bc5 8. Qg3 O-O 9. f4 d5 10. e5 Nd7 11. Bd3 Nb4 12. Nf3 Nxd3+ 13. cxd3 Ba6 14. f5 Kh8 15. Bg5 Qc7 16. f6 gxf6 17. exf6 Bd6 18. Qh4 Rac8 19. Bh6 Rg8 20. Bg7+ Rxg7 21. fxg7+ Kg8 22. Ng5 Bf4+ 23. Kb1 Bxg5 24. Qxg5 Qe5 25. Qe7 Rxc3 26. Rhf1 f6 27. bxc3 Qxc3 28. Qxe6+ Kxg7 29. Qxd7+ Kg6 30. Qf5+ Kg7 31. Rf4 h5 32. Qxd5 Bb7 33. Qd7+ 1-0


[Site "https://www.chess.com"]

[Event "Titled Tuesday Blitz December 27 Early 2022"]
[White "Matveeva, Olga"]
[Black "Sreyas Payyappat"]
[WhiteFideId "24107018"]
[BlackFideId "46674969"]
[WhiteElo "2128"]
[BlackElo "2076"]
[Result "1-0"]
[Round "10"]
[TimeControl "180+2"]
[Date "2022.12.27"]
[WhiteClock "0:01:48"]
[BlackClock "0:01:54"]

1. d4 Nf6 2. c4 c5 3. d5 e6 4. Nc3 exd5 5. cxd5 d6 6. e4 g6 7. h3 Bg7 8. Nf3 O-O 9. Bd3 c4 10. Bxc4 Nxe4 11. Nxe4 Re8 12. Ng5 f5 13. Ne6 Bxe6 14. dxe6 Kh8 15. Ng5 Qf6 16. O-O Nc6 17. Nf7+ Kg8 18. Nxd6 Re7 19. Nf7 1-0


[Site "https://www.chess.com"]